 Dungeon Crawl Stone Soup version 0.28.0-62-gf88900778d (webtiles) character file.

Game seed: 9721300153308200767

1893 cbfl8 the Spear-Bearer (level 9, -1/69 HPs)
             Began as a Merfolk Berserker on Aug 19, 2023.
             Was an Elder of Trog.
             Killed from afar by Harold (31 damage)
             ... with a bolt of acid
             ... on level 7 of the Dungeon on Aug 20, 2023.
             The game lasted 00:07:54 (7836 turns).

cbfl8 the Spear-Bearer (Merfolk Berserker)          Turns: 7836, Time: 00:07:54

Health: -1/69      AC:  5    Str: 17    XL:     9   Next: 15%
Magic:  0/9        EV:  6    Int:  7    God:    Trog [****..]
Gold:   379        SH:  9    Dex: 17    Spells: 8/8 levels left

rFire   . . .      SeeInvis .   r - +0 trident
rCold   . . .      Faith    .   a - +0 kite shield
rNeg    . . .      Spirit   +   s - +0 chain mail
rPois   .          Reflect  .   p - +1 helmet
rElec   .          Harm     .   (no cloak)
rCorr   .          Rampage  .   o - +0 pair of gloves
Will    .....                   g - +0 pair of boots
Stlth   ..........              c - amulet of guardian spirit
HPRegen 0.21/turn               (no ring)
MPRegen 0.11/turn               (no ring)

@: corroded
A: (nimble swimmer 2), mertail
a: Renounce Religion, Berserk, Trog's Hand, Brothers in Arms


You were on level 7 of the Dungeon.
You worshipped Trog.
Trog was greatly pleased with you.
You visited 1 branch of the dungeon, and saw 7 of its levels.

You collected 379 gold pieces.

Inventory:

Hand Weapons
 r - a +0 trident (weapon)
Missiles
 h - 4 javelins (quivered)
 B - 2 boomerangs
Armour
 a - a +0 kite shield (worn)
 g - a +0 pair of boots (worn)
 o - a +0 pair of gloves (worn)
 p - a +1 helmet (worn)
 s - a +0 chain mail (worn)
 y - a +0 plate armour
Jewellery
 c - an amulet of guardian spirit (around neck)
Scrolls
 b - a scroll of immolation {unknown}
 e - 6 scrolls of teleportation
 j - a scroll of holy word {unknown}
 k - a scroll of identify
 q - 2 scrolls of noise {unknown}
 t - a scroll of blinking
 u - 2 scrolls of magic mapping {unknown}
 A - a scroll of summoning
Potions
 d - 3 potions of heal wounds {unknown}
 f - 4 potions of curing {unknown}
 l - a potion of lignification {unknown}
 n - 3 potions of might {unknown}
 v - a potion of invisibility {unknown}
 x - a potion of attraction {unknown}
 z - a potion of berserk rage {unknown}


   Skills:
 + Level 5.8 Fighting
 + Level 10.5 Polearms
 * Level 3.3 Throwing
 + Level 3.6 Armour
 - Level 2.6 Dodging
 - Level 2.5 Stealth
 + Level 2.1 Shields
 * Level 4.6 Evocations


You had 8 spell levels left.
You didn't know any spells.
Your spell library was empty.

Dungeon Overview and Level Annotations

Branches:
Dungeon (7/15)             Temple (0/1) D:5

Altars:
Uskayaw

Annotations:
D:7 3 runed translucent doors, Harold; SoupLadl's ghost, novice DrBe


Innate Abilities, Weirdness & Mutations

((You are very nimble when in or above water. (Stealth+, EV+, Speed+++)))
Your lower body shifts to a powerful aquatic tail in water.


Message History

* * * LOW HITPOINT WARNING * * *
Throw: throwing net
Press: ? - help, Q - select action, (/) - cycle Shift-Dir - straight line, f - Harold
Aim: Harold, wielding a +6 hand axe, wearing a +0 scale mail, quivering 4 throwing nets and carrying a wand of acid (6) (severely wounded, 73% to hit)
You throw a throwing net. The throwing net closely misses Harold.
Harold throws a throwing net.
The throwing net barely misses you.
Blink to where?
Press: ? - help, Dir - move target, p - Harold
As you read the scroll of blinking, it crumbles to dust.
You recover from your berserk rage.
There is a stone staircase leading up here.
You climb upwards.
There is a stone staircase leading down here.
You start resting.
You feel the effects of Trog's Hand fading.
You start resting.
Your skin stops crawling.
You feel less strong-willed.
You start resting.
Magic restored.
You start resting.
HP restored.
You start waiting.
Done waiting.
You climb downwards.
Level annotation: 3 runed translucent doors, Harold; SoupLadl's ghost, novice DrBe
There is a stone staircase leading up here.
Throw: 5 javelins
Press: ? - help, Q - select action, (/) - cycle Shift-Dir - straight line, f - Harold
Aim: Harold, wielding a +6 hand axe, wearing a +0 scale mail, quivering 3 throwing nets and carrying a wand of acid (6) (73% to hit)
You throw a javelin.
The javelin pierces through Harold but does no damage.
Harold zaps a wand.
The bolt of acid hits you!! The acid corrodes you!
Harold throws a throwing net.
The throwing net hits you.
You become entangled in the net!
You stop ascending the stairs.
You struggle against the net.
Harold zaps a wand.
The bolt of acid hits you!! The acid corrodes you!
You struggle against the net.
You struggle against the net.
You rip the net and break free!
Harold zaps a wand.
The bolt of acid hits you!!
You die...

#########.....#########...##.
#.....##.....##...##.
#......#.............
#......#.............
#......#.............
#..##.##.(##.########
#####.##@.##.####.###
#.......#>.......#
#@......#........#
#.......#........+
##....###...##...#
########.@.##...#
#.....##...# #.....##...#
#........... #..........#
#..........#


You could see Harold.

Vanquished Creatures
  Grinder (D:3)
  A shadow (D:7)
  3 orc warriors
  A sky beast (D:7)
  2 ogres (D:5)
  A necrophage (D:6)
  2 scorpions (D:6)
  A water moccasin skeleton (D:4)
  A howler monkey (D:7)
  A jelly (D:6)
  3 hounds
  2 bullfrog skeletons
  An orc priest (D:7)
  5 iguanas
  5 orc wizards
  A killer bee zombie (D:6)
  A hound skeleton (D:4)
  Robin (D:3)
  10 adders
  An adder skeleton (D:4)
  A dart slug (D:1)
  18 orcs
  A ball python (D:4)
  5 bats
  8 endoplasms
  5 giant cockroaches
  17 goblins
  8 hobgoblins
  4 jackals (D:1)
  3 quokkas
  3 frilled lizards
  10 kobolds
  A quokka skeleton (D:4)
  23 rats
151 creatures vanquished.

Notes
Turn   | Place    | Note
-------+----------+-------------------------------------------
     0 | D:1      | cbfl8 the Merfolk Berserker began the quest for the Orb.
     0 | D:1      | Reached XP level 1. HP: 18/18 MP: 1/1
   182 | D:1      | Reached XP level 2. HP: 24/24 MP: 2/2
   209 | D:1      | Reached skill level 5 in Polearms
   371 | D:1      | Reached XP level 3. HP: 7/30 MP: 0/3
   371 | D:1      | Reached ** piety under Trog
  1353 | D:2      | Reached skill level 1 in Evocations
  1673 | D:2      | Reached XP level 4. HP: 37/37 MP: 4/4
  1754 | D:2      | Found a hide-covered altar of Uskayaw.
  2361 | D:3      | Noticed Grinder
  2372 | D:3      | Killed Grinder
  2373 | D:3      | Reached skill level 7 in Polearms
  2373 | D:3      | Reached skill level 1 in Stealth
  2373 | D:3      | Reached XP level 5. HP: 43/43 MP: 2/5
  2373 | D:3      | Reached XP level 6. HP: 49/49 MP: 2/6
  2687 | D:3      | Found a faded altar of an unknown god.
  3187 | D:3      | Noticed Robin
  3195 | D:3      | Killed Robin
  3261 | D:3      | Found a hide-covered altar of Uskayaw.
  3649 | D:4      | Reached *** piety under Trog
  3898 | D:4      | Reached XP level 7. HP: 49/55 MP: 5/7
  3932 | D:4      | Reached skill level 8 in Polearms
  5038 | D:5      | Entered Level 5 of the Dungeon
  5301 | D:5      | Reached skill level 5 in Fighting
  5301 | D:5      | Reached skill level 1 in Throwing
  5408 | D:5      | Found a staircase to the Ecumenical Temple.
  5441 | D:5      | Reached skill level 9 in Polearms
  5441 | D:5      | Reached XP level 8. HP: 61/62 MP: 8/8
  5863 | D:6      | Reached skill level 1 in Shields
  6069 | D:6      | Reached **** piety under Trog
  6680 | D:6      | Reached skill level 10 in Polearms
  6986 | D:7      | Found a runed translucent gate.
  6986 | D:7      | Found a runed translucent gate.
  6988 | D:7      | Found a runed translucent gate.
  6992 | D:7      | Noticed SoupLadl's ghost (novice DrBe)
  6995 | D:7      | Identified the +8 plate armour of Enwa {+Inv rPois Regen+
                  | Int-5}
  7018 | D:7      | Noticed a shadow
  7024 | D:7      | Killed a shadow
  7126 | D:7      | Reached XP level 9. HP: 69/69 MP: 9/9
  7548 | D:7      | Noticed Harold
  7836 | D:7      | Killed from afar by Harold

Illustrated notes

Levels and vault maps discovered:
D:1:      dpeg_arrival_arbitrary_a, layout_basic, chequers_arboretum,
          kennysheep_doodads
D:2:      minmay_skewed_foursquare, layout_basic, basic_altar
D:3:      layout_loops_corners, nicolae_uskayaw_suspiria,
          ebering_ecumenical_altar_webs, minmay_rat_hole, uniq_grinder,
          uniq_robin
D:4:      minmay_door_path, layout_basic
D:5:      layout_cave_pools, minmay_temple_entry_from_below_a, serial_park,
          serial_park_avenue1, serial_park_gazebo [serial_park_minivault_5x5_1]
D:6:      layout_gridville
D:7:      layout_gridville, biasface_ghost_orc_armoury, uniq_harold

Skill      XL: |  1  2  3  4  5  6  7  8  9 |
---------------+----------------------------+-----
Polearms       | 5 7 9 10 | 10.5
Evocations     | 1 2 3 4 |  4.6
Fighting       | 4 5 |  5.8
Armour         | 2 3 |  3.6
Stealth        | 1 2 |  2.5
Throwing       | 1 3 |  3.3
Shields        | 1 2 |  2.1
Dodging        | |  2.6

Action                   |  1- 3 |  4- 6 |  7- 9 || total
-------------------------+-------+-------+-------++-------
Melee: Spear             |   136 |   197 |    24 ||   357
       Punch             |     1 |     3 |       ||     4
       Trident           |       |       |   291 ||   291
Throw: Javelin           |       |       |     1 ||     1
       Throwing net      |       |       |     1 ||     1
Invok: Berserk           |     1 |     2 |     5 ||     8
       Trog's Hand       |       |       |     1 ||     1
  Use: Scroll            |       |     1 |     7 ||     8
 Stab: Sleeping          |     3 |     4 |     3 ||    10
       Distracted        |       |     1 |       ||     1
Armor: Animal skin       |    28 |       |       ||    28
       Ring mail         |     8 |    67 |    21 ||    96
       Chain mail        |       |       |   100 ||   100
Dodge: Dodged            |    89 |    54 |    67 ||   210
Block: Kite shield       |       |       |    75 ||    75
